 Dungeon Crawl Stone Soup version 0.27.0-1-g7a089689b8 (webtiles) character file.

Game seed: 13821746444485084274

793 Railroad the Magician (level 8, -14/56 HPs)
             Began as a Formicid Conjurer on Aug 1, 2021.
             Was an Initiate of Kikubaaqudgha.
             Demolished by Maggie (16 damage)
             ... on level 6 of the Dungeon.
             The game lasted 00:17:30 (5997 turns).

Railroad the Magician (Formicid Conjurer)           Turns: 5997, Time: 00:17:30

Health: -14/56     AC:  4    Str: 12    XL:     8   Next: 12%
Magic:  0/17       EV: 16    Int: 18    God:    Kikubaaqudgha [......]
Gold:   156        SH:  0    Dex: 11    Spells: 16/19 levels left

rFire    . . .     SeeInvis +   b - +3 dagger
rCold    . . .     Faith    .   (no shield)
rNeg     . . .     Spirit   .   h - +0 robe
rPois    .         Reflect  .   (helmet unavailable)
rElec    .         Harm     .   (no cloak)
rCorr    .         Rampage  .   k - +0 pair of gloves
Will     .....                  v - +0 pair of boots
Stlth    ++........             (no amulet)
HPRegen  0.18/turn              A - +4 ring of evasion
MPRegen  0.15/turn              (no ring)

@: no status effects
A: permanent stasis, dig shafts and tunnels, antennae 3, four strong arms
a: Dig, Shaft Self, Renounce Religion


You were on level 6 of the Dungeon.
You worshipped Kikubaaqudgha.
Kikubaaqudgha was noncommittal.
You visited 2 branches of the dungeon, and saw 8 of its levels.

You collected 156 gold pieces.

Inventory:

Hand Weapons
 a - a +0 hunting sling
 b - a +3 dagger (weapon)
 c - a +2 dagger of holy wrath
 d - a +0 falchion
 y - a +1 flail of protection
Missiles
 f - 95 sling bullets
 l - 85 stones
 n - 85 arrows
 q - 2 silver boomerangs
 w - 20 bolts
Armour
 h - a +0 robe (worn)
 k - a +0 pair of gloves (worn)
 v - a +0 pair of boots (worn)
Jewellery
 A - a +4 ring of evasion (left hand)
Wands
 B - a wand of flame (19)
Scrolls
 e - 2 scrolls of enchant weapon
 i - 2 scrolls of immolation {unknown}
 j - a scroll of fear {unknown}
 m - a scroll of magic mapping
 r - 2 scrolls of amnesia
 t - a scroll of torment {unknown}
 x - a scroll of holy word {unknown}
Potions
 g - 2 potions of flight {unknown}
 o - a potion of haste {unknown}
 p - 2 potions of cancellation {unknown}
 s - 2 potions of degeneration {unknown}
 u - a potion of resistance {unknown}
 z - a potion of brilliance {unknown}


   Skills:
 - Level 2.0 Fighting
 - Level 2.0 Armour
 - Level 1.7 Dodging
 - Level 2.4 Stealth
 * Level 6.4 Spellcasting
 - Level 6.0 Conjurations


You had 16 spell levels left.
You knew the following spells:

 Your Spells              Type           Power      Damage    Failure   Level
a - Searing Ray           Conj           54%        3d5       1%          2
c - Magic Dart            Conj           100%       1d8       1%          1

Your spell library contained the following spells:

 Spells                   Type           Power      Damage    Failure   Level
 Dazzling Flash           Conj/Hex       32%        N/A       10%         3
 Sandblast                Erth           10%        2d5       12%         1
 Passwall                 Tmut/Erth      4%         N/A       17%         2
 Sublimation of Blood     Necr           2%         N/A       17%         2
 Wereblood                Tmut           5%         N/A       17%         2
 Fulminant Prism          Conj/Hex       8%         3d7       32%         4
 Iskenderun's Mystic Bla  Conj/Tloc      16%        2d5       32%         4
 Gell's Gravitas          Tloc           2%         N/A       34%         3
 Lesser Beckoning         Tloc           2%         N/A       34%         3
 Teleport Other           Tloc           5%         N/A       34%         3
 Lee's Rapid Deconstruct  Erth           2%         3d6*      97%         5
 Summon Hydra             Summ           2%         N/A       100%        7


Dungeon Overview and Level Annotations

Branches:
Dungeon (7/15)             Temple (1/1) D:7

Altars:
Ashenzari
Cheibriados
Elyvilon
Fedhas
Gozag
Hepliaklqana
Kikubaaqudgha
Makhleb
Nemelex Xobeh
Okawaru
Sif Muna
Trog
Uskayaw
Vehumet
Yredelemnul
The Shining One

Annotations:
D:2 exclusion: quokka, Ijyb, Jessica
D:3 1 exclusion, Grinder
D:4 exclusions: ogre and sensed monster (detected), Sigmund
D:5 exclusions: orc, orc wizard, 2 sensed monsters (detected) and sky beast
D:6 Maggie
D:7 exclusion: water moccasin, Joseph


Innate Abilities, Weirdness & Mutations

You cannot be hasted, slowed, berserked, paralysed or teleported.
You can dig through walls and to a lower floor.
You have a pair of large antennae on your head. (SInv)
Your four strong arms can wield two-handed weapons with a shield.


Message History

Press: ? - help, Shift-Dir - straight line, f/p - Maggie
Aim: Maggie, wielding a +0 morningstar and wearing +0 acid dragon scales (severely wounded, mesmerising, 79% to hit)
The searing ray hits Maggie.
Maggie is severely wounded. (Press . to maintain the ray.) Maggie casts a spell at you.
The bolt of fire hits you!!
The searing ray hits Maggie!
Maggie is almost dead.
Maggie points at you and mumbles some strange words.
The bolt of fire misses you.
b - a +3 dagger (weapon)
You closely miss Maggie.
Maggie is almost dead.
Maggie misses you.
You barely miss Maggie.
Maggie is almost dead.
You break out of your daze.
Maggie mumbles some strange words.
Maggie attempts to bespell you! You resist.
You barely miss Maggie.
Maggie is almost dead.
Maggie closely misses you.
You hit Maggie but do no damage.
Maggie is almost dead.
Maggie hits you with a +0 morningstar!
Casting: Searing Ray (safe; 1% risk of failure)
Confirm with . or Enter, or press ? or * to list all spells.
Aiming: Magic Dart (safe; 1% risk of failure)
Press: ? - help, Shift-Dir - straight line, f/p - Maggie
Aim: Maggie, wielding a +0 morningstar and wearing +0 acid dragon scales (almost dead, 100% to hit)
The magic dart hits Maggie.
Maggie is almost dead.
Maggie hits you with a +0 morningstar.
You hit Maggie.
Maggie is almost dead.
Maggie hits you with a +0 morningstar!
You die...
Kikubaaqudgha rasps: "You have failed me!
Welcome... death!"

####.# #.#####.....## ## #.#
####### #.# ###.####.### .# #.#
#.....# #.# #........... .# #.#
#.....###.###.#.######.# .###.#
#................# ##. .....#
#.....##.##......# ## .#####
#.....##.#.#...#.# # .#
###.####..###.##.# # .#
#....@.........# ##### .#####
##.####@####.#### #.... .....#
###..# #.## ##+## #.### .###.#
#....# ##.###...## #.# # .###.#
##.#### #.###.....## #.###
...#.###..##.####.#.......###.##.
.#.#.##.#####.####.........##.#..
.................{.........+.....
.#.#...........###.........####..


You could see Maggie.

Vanquished Creatures
  A centaur (D:5)
  Blork the orc (D:6)
  A bullfrog (D:6)
  A scorpion (D:4)
  3 howler monkeys
  An orc priest (D:7)
  A centaur skeleton (D:6)
  4 jellies
  A hound (D:4)
  An orc wizard (D:5)
  A hound zombie (D:5)
  2 howler monkey skeletons
  5 adders
  A shadow imp (D:7)
  A white imp (D:5)
  A dart slug (D:5)
  10 orcs
  3 endoplasms
  4 giant cockroaches
  8 hobgoblins
  3 quokkas
  4 ball pythons
  5 bats
  2 frilled lizards
  2 goblins
  6 kobolds
  3 rats
76 creatures vanquished.

Vanquished Creatures (others)
  6 fungi (D:2)
  6 plants (D:2)
12 creatures vanquished.

Grand Total: 88 creatures vanquished

Notes
Turn   | Place    | Note
-------+----------+-------------------------------------------
     0 | D:1      | Railroad the Formicid Conjurer began the quest for the Orb.
     0 | D:1      | Reached XP level 1. HP: 13/13 MP: 3/3
   285 | D:1      | Reached XP level 2. HP: 19/19 MP: 1/5
   288 | D:1      | Learned a level 2 spell: Searing Ray
   695 | D:2      | Reached XP level 3. HP: 24/24 MP: 3/6
   923 | D:2      | Found a faded altar of an unknown god.
  1255 | D:2      | Noticed Jessica
  1517 | D:3      | Noticed Ijyb
  1556 | D:3      | Reached XP level 4. HP: 26/30 MP: 4/7
  1631 | D:3      | Reached skill level 5 in Conjurations
  1891 | D:3      | Reached XP level 5. HP: 35/35 MP: 8/8
  1892 | D:3      | Noticed Grinder
  2246 | D:4      | Noticed an ogre
  2347 | D:4      | Noticed Sigmund
  2423 | D:4      | Found a basalt altar of Yredelemnul.
  2754 | D:4      | Reached skill level 1 in Fighting
  2754 | D:4      | Reached skill level 1 in Armour
  2754 | D:4      | Reached XP level 6. HP: 39/43 MP: 0/9
  3190 | D:5      | Entered Level 5 of the Dungeon
  3609 | D:5      | Noticed a sky beast
  3805 | D:5      | Reached XP level 7. HP: 50/50 MP: 7/12
  3997 | D:6      | Noticed Blork the orc
  4567 | D:6      | Found a radiant altar of Vehumet.
  4575 | D:6      | Noticed Maggie
  5049 | D:7      | Reached skill level 5 in Spellcasting
  5163 | D:7      | Noticed Joseph
  5368 | D:7      | Noticed a water moccasin
  5554 | D:7      | Found a staircase to the Ecumenical Temple.
  5560 | Temple   | Entered the Ecumenical Temple
  5776 | Temple   | Became a worshipper of Kikubaaqudgha
  5914 | D:6      | Killed Blork the orc
  5915 | D:6      | Reached XP level 8. HP: 43/56 MP: 7/17
  5996 | D:6      | HP: 2/56 [Maggie (4)]
  5997 | D:6      | Demolished by Maggie

Illustrated notes

Levels and vault maps discovered:
D:1:      lemuel_arrival_rhombus, layout_rooms, st_stairs_3, minmay_unequal
D:2:      layout_basic, dreamdust_ecumenical_altar_grove,
          kennysheep_generic_room_11, uniq_jessica
D:3:      layout_basic, kennysheep_crisscross, uniq_grinder, uniq_ijyb
D:4:      layout_loops_ring, mainiacjoe_overflow_brackets, uniq_sigmund
D:5:      minmay_angry_zag, layout_basic
D:6:      layout_loops_corners, nicolae_vehumet_radiance, uniq_maggie,
          uniq_blork_the_orc
D:7:      layout_layer_cave, minmay_temple_entry_trees, minivault_26,
          uniq_joseph
Temple:   dpeg_chambers_temple

Skill      XL: |  1  2  3  4  5  6  7 |
---------------+----------------------+-----
Conjurations   | 4 5 6 |  6.0
Fighting       | 1 2 |  2.0
Armour         | 1 2 |  2.0
Spellcasting   | 3 6 |  6.4
Dodging        | |  1.7
Stealth        | |  2.4

Action                   |  1- 3 |  4- 6 |  7- 9 || total
-------------------------+-------+-------+-------++-------
Melee: Dagger            |       |     3 |     5 ||     8
 Fire: Hunting sling     |    30 |    31 |     8 ||    69
 Cast: Magic Dart        |    31 |     4 |     3 ||    38
       Searing Ray       |     6 |    16 |    22 ||    44
 Abil: Dig               |     5 |     1 |    29 ||    35
  Use: Scroll            |       |     3 |     2 ||     5
Armor: Robe              |     1 |     4 |     1 ||     6
Dodge: Dodged            |     3 |    24 |    17 ||    44
       Rpst.: Falchion   |       |       |     2 ||     2
